 Dungeon Crawl Stone Soup version 0.30-a0-1116-gebefce21f7 (webtiles) character file.

Game seed: 3619938208136037475

115 Arzdou the Slasher (level 5, -2/47 HPs)
             Began as a Gnoll Cinder Acolyte on Apr 21, 2023.
             Was a High Priest of Ignis.
             Slain by an iguana (9 damage)
             ... on level 3 of the Dungeon.
             The game lasted 00:04:17 (2543 turns).

Arzdou the Slasher (Gnoll Cinder Acolyte)           Turns: 2543, Time: 00:04:18

Health: -2/47      AC: 10    Str: 15    XL:     5   Next: 0%
Magic:  9/9        EV:  4    Int: 13    God:    Ignis [*****.]
Gold:   133        SH:  0    Dex:  8    Spells: 10/10 levels left

rFire   + . .      SeeInvis .    a - -1 falchion (flame)
rCold   . . .      Faith    .    (no shield)
rNeg    . . .      Spirit   .    g - +0 plate armour
rPois   .          Reflect  .    (no helmet)
rElec   .          Rampage  .    m - scarf {+Inv}
rCorr   .                        (no gloves)
Will    .....                    (no boots) Stlth
                                 (no amulet)
HPRegen 0.27/turn                (no ring)
MPRegen 0.11/turn                (no ring)

@: studying Hexes
A: fangs 1, strong nose, distributed training
a: Renounce Religion, Evoke Invisibility, Fiery Armour, Foxfire Swarm, Rising
Flame


You were on level 3 of the Dungeon.
You worshipped Ignis.
Ignis was extremely pleased with you.
You visited 1 branch of the dungeon, and saw 4 of its levels.

You collected 133 gold pieces.

Inventory:

Hand Weapons
 a - a -1 falchion of flaming (weapon)
 b - a +0 sling
Armour
 d - a +0 robe
 g - a +0 plate armour (worn)
 m - a scarf of invisibility (worn)
Jewellery
 r - an amulet of reflection
Scrolls
 c - a scroll of noise {unknown}
 i - 3 scrolls of teleportation {unknown}
 j - a scroll of immolation {unknown}
 k - a scroll of enchant weapon {unknown}
 n - 2 scrolls of fog {unknown}
 o - a scroll of fear {unknown}
 p - 2 scrolls of identify {unknown}
 s - a scroll of magic mapping {unknown}
Potions
 e - 2 potions of attraction {unknown}
 f - a potion of invisibility {unknown}
 h - a potion of brilliance {unknown}
 l - a potion of heal wounds {unknown}
 q - a potion of ambrosia {unknown}
 t - a potion of mutation {unknown}
 u - 2 potions of curing {unknown}


   Skills:
 + Level 6.6 Fighting
 + Level 1.3 Short Blades
 + Level 6.6 Long Blades
 + Level 1.3 Axes
 + Level 1.3 Maces & Flails
 + Level 1.3 Polearms
 + Level 1.3 Staves
 + Level 1.3 Ranged Weapons
 + Level 1.3 Throwing
 + Level 1.3 Armour
 + Level 1.3 Dodging
 + Level 1.3 Stealth
 + Level 1.3 Shields
 + Level 1.3 Unarmed Combat
 + Level 3.1 Spellcasting
 + Level 1.1 Conjurations
 + Level 1.5 Hexes
 + Level 1.1 Summonings
 + Level 1.1 Necromancy
 + Level 1.1 Translocations
 + Level 1.1 Transmutations
 + Level 5.5 Fire Magic
 + Level 1.1 Ice Magic
 + Level 1.1 Air Magic
 + Level 1.1 Earth Magic
 + Level 1.1 Poison Magic
 + Level 1.5 Invocations
 + Level 1.3 Evocations


You had 10 spell levels left.
You didn't know any spells.
Your spell library contained the following spells:

 Spells                   Type           Power      Damage    Failure   Level
 Scorch                   Fire           32%        2d6       97%         2


Dungeon Overview and Level Annotations

Branches:
Dungeon (4/15)
 Temple: D:4-7

Altars:
Nemelex Xobeh


Innate Abilities, Weirdness & Mutations

You have very sharp teeth.
Your uncanny sense of smell can sniff out nearby items.
Your experience applies equally to all skills.


Message History

You hit the iguana but do no damage.
The iguana is almost dead.
The iguana bites you but does no damage.
You hit the iguana but do no damage.
The iguana is almost dead.
The iguana bites you!
You hit the iguana but do no damage.
The iguana is almost dead.
The iguana bites you.
You hit the iguana but do no damage.
The iguana is almost dead.
The iguana bites you.
You closely miss the iguana.
The iguana is almost dead.
The iguana bites you but does no damage.
You hit the iguana but do no damage. Your punch misses the iguana.
The iguana is almost dead.
The iguana bites you.
You completely miss the iguana.
The iguana is almost dead.
The iguana bites you but does no damage.
You hit the iguana but do no damage.
The iguana is almost dead.
The iguana bites you but does no damage.
You completely miss the iguana.
The iguana is almost dead.
The iguana bites you!
You are too injured to fight recklessly!
Unknown command.
You barely miss the iguana. You bite the iguana, but do no damage.
The iguana is almost dead.
The iguana barely misses you.
You closely miss the iguana.
The iguana is almost dead.
The iguana bites you!
* * * LOW HITPOINT WARNING * * *
You hit the iguana but do no damage.
The iguana is almost dead.
The iguana bites you!
You die...

..#......#..).##.#
......##.#..####.#
###...##.#..####.#
###...##.#.......#
..#......##.###### ......#####.#
...>..# #.# ######
#.##..#####.############ #.....
#...........#...@l.....#####.###.
####..#######.###[#..............
####...# #<##.....#.#####.###.
.......# #.##..#.##.# #.....
####...# #.##..#.##.# #####.
#...# #........<.# #### #...#
####.####### #... #...# #.......#
########.## ####...######.##.##.#
#.....##.##


You could see an iguana.

Vanquished Creatures
  3 gnolls (D:2)
  3 adders
  A worm (D:3)
  2 dart slugs (D:1)
  3 orcs
  5 bats
  3 endoplasms
  A giant cockroach (D:1)
  7 goblins
  3 hobgoblins
  6 quokkas
  3 ball pythons
  A frilled lizard (D:1)
  5 kobolds
  3 rats
49 creatures vanquished.

Notes
Turn   | Place    | Note
-------+----------+-------------------------------------------
     0 | D:1      | Arzdou the Gnoll Cinder Acolyte began the quest for the
                  | Orb.
     0 | D:1      | Reached XP level 1. HP: 23/23 MP: 4/4
    93 | D:1      | Reached XP level 2. HP: 29/29 MP: 5/5
   822 | D:2      | Reached XP level 3. HP: 35/35 MP: 7/7
   927 | D:2      | Reached skill level 1 in Invocations
  1042 | D:2      | Reached skill level 1 in Hexes
  1144 | D:2      | Reached skill level 1 in Short Blades
  1144 | D:2      | Reached skill level 1 in Axes
  1144 | D:2      | Reached skill level 1 in Maces & Flails
  1144 | D:2      | Reached skill level 1 in Polearms
  1144 | D:2      | Reached skill level 1 in Staves
  1144 | D:2      | Reached skill level 1 in Ranged Weapons
  1144 | D:2      | Reached skill level 1 in Throwing
  1144 | D:2      | Reached skill level 1 in Armour
  1144 | D:2      | Reached skill level 1 in Dodging
  1144 | D:2      | Reached skill level 1 in Stealth
  1144 | D:2      | Reached skill level 1 in Shields
  1144 | D:2      | Reached skill level 1 in Unarmed Combat
  1144 | D:2      | Reached skill level 1 in Evocations
  1383 | D:2      | Found a sparkling altar of Nemelex Xobeh.
  1582 | D:3      | Reached XP level 4. HP: 41/41 MP: 8/8
  1856 | D:2      | Reached skill level 1 in Conjurations
  1856 | D:2      | Reached skill level 1 in Summonings
  1856 | D:2      | Reached skill level 1 in Necromancy
  1856 | D:2      | Reached skill level 1 in Translocations
  1856 | D:2      | Reached skill level 1 in Transmutations
  1856 | D:2      | Reached skill level 1 in Ice Magic
  1856 | D:2      | Reached skill level 1 in Air Magic
  1856 | D:2      | Reached skill level 1 in Earth Magic
  1856 | D:2      | Reached skill level 1 in Poison Magic
  2521 | D:3      | Reached XP level 5. HP: 47/47 MP: 9/9
  2543 | D:3      | Slain by an iguana

Illustrated notes

Levels and vault maps discovered:
D:1:      lemuel_arrival_muddy, layout_basic
D:2:      layout_loops_ring, basic_altar
D:3:      layout_loops_cross
D:4:      layout_loops_ring, nicolae_dithmenos_through_a_glass_darkly,
          amethyst_overflow_temple_binary, serial_shops, nicolae_stop_n_shop_2,
          hangedman_abyss_or_decor_stagger, nicolae_shop_sticking_my_neck_out,
          uniq_sigmund

Skill      XL: |  1  2  3  4 |
---------------+-------------+-----
Invocations    | 1 |  1.5
Hexes          | 1 |  1.5
Short Blades   | 1 |  1.3
Axes           | 1 |  1.3
Maces & Flails | 1 |  1.3
Polearms       | 1 |  1.3
Staves         | 1 |  1.3
Ranged Weapons | 1 |  1.3
Throwing       | 1 |  1.3
Armour         | 1 |  1.3
Dodging        | 1 |  1.3
Stealth        | 1 |  1.3
Shields        | 1 |  1.3
Unarmed Combat | 1 |  1.3
Evocations     | 1 |  1.3
Spellcasting   | 3 |  3.1
Conjurations   | 1 |  1.1
Summonings     | 1 |  1.1
Necromancy     | 1 |  1.1
Translocations | 1 |  1.1
Transmutations | 1 |  1.1
Ice Magic      | 1 |  1.1
Air Magic      | 1 |  1.1
Earth Magic    | 1 |  1.1
Poison Magic   | 1 |  1.1
Fighting       | |  6.6
Long Blades    | |  6.6
Fire Magic     | |  5.5

Action                     |  1- 3 |  4- 6 || total
---------------------------+-------+-------++-------
  Melee: Falchion          |   123 |    98 ||   221
         Bite              |     8 |    13 ||    21
   Fire: Sling             |     7 |       ||     7
 Armour: Plate armour      |   109 |    60 ||   169
  Dodge: Dodged            |    31 |    14 ||    45

Table legend: (Time is in decaauts)
 A = Elapsed time spent in this place.
 B = Non-inter-level travel time spent in this place.
 C = Inter-level travel time spent in this place.
 D = Time resting spent in this place.
 E = Time spent auto-exploring this place.
 F = Levels seen in this place.
 G = Mean time per level.
                   A        B        C        D        E       F      G
               +--------+--------+--------+--------+--------+-----+--------+
         Total |   2550 |   2462 |     88 |    176 |   1751 |   4 |  637.5 |
       Dungeon |   2550 |   2462 |     88 |    176 |   1751 |   4 |  637.5 |
               +--------+--------+--------+--------+--------+-----+--------+

Top non-repeatable levels by time:
     D:2: 897 daAuts
     D:3: 834 daAuts
     D:1: 804 daAuts
     D:4: 14 daAuts
